 Dungeon Crawl Stone Soup version 0.22-a0-439-gac93bac (webtiles) character file.

44 Borgoz the Ruffian (level 3, 0/30 HPs)
             Began as a Ghoul Gladiator on May 29, 2018.
             Slain by a leopard gecko (2 damage)
             ... on level 2 of the Dungeon.
             The game lasted 00:01:18 (930 turns).

Borgoz the Ruffian (Ghoul Gladiator)                 Turns: 930, Time: 00:01:19

Health: 0/30       AC:  4    Str: 17    XL:     3   Next: 60%
Magic:  2/2        EV: 12    Int:  3    God:
Gold:   33         SH:  0    Dex: 11    Spells: 2/2 levels left

rFire    . . .     SeeInvis .     - Unarmed
rCold    + . .     Gourm    .   (no shield)
rNeg     + + +     Faith    .   a - +0 leather armour
rPois    ∞         Spirit   .   b - +0 helmet
rElec    .         Reflect  .   (no cloak)
rCorr    .         Harm     .   (no gloves)
MR       .....                  (no boots)
Stlth    +.........             (no amulet)
HPRegen  0.00/turn              (no ring)
MPRegen  0.08/turn              (no ring)

@: rotting
A: rotting body, claws 1, carnivore, cold resistance 1, negative energy
resistance 3, inhibited regeneration, torment resistance, unbreathing
a: no special abilities


You were on level 2 of the Dungeon.
You were not hungry.

You visited 1 branch of the dungeon, and saw 2 of its levels.

You collected 33 gold pieces.

Inventory:

Missiles
 c - 3 throwing nets (quivered)
Armour
 a - a +0 leather armour (worn)
 b - a +0 helmet (worn)
Scrolls
 e - 2 scrolls of fear {unknown}
 h - 2 scrolls of remove curse {unknown}
Potions
 f - 2 potions of degeneration {unknown}
 g - 2 potions of lignification {unknown}
 i - a potion of might {unknown}
 k - 2 potions of curing {unknown}
Comestibles
 d - 2 rations
 j - 4 chunks of flesh


   Skills:
 + Level 2.6 Fighting
 - Level 1.7 Throwing
 * Level 1.4 Armour
 * Level 3.2 Dodging
 + Level 3.5 Unarmed Combat


You had 2 spell levels left.
You didn't know any spells.
Your spell library was empty.

Dungeon Overview and Level Annotations

Branches:
Dungeon (2/15)

Altars:


Innate Abilities, Weirdness & Mutations

Your body is rotting away.
You thrive on raw meat.
You are immune to poison.
You have sharp fingernails.
You are carnivorous and can eat meat at any time.
Your flesh is cold resistant. (rC+)
You are immune to negative energy. (rN+++)
You do not regenerate when monsters are visible.
You are immune to unholy pain and torment.
You can survive without breathing.


Message History

The hobgoblin hits you. x2
You are too injured to fight recklessly!
You are too injured to fight recklessly!
The leopard gecko bites you but does no damage.
The leopard gecko bites you. The leopard gecko misses you.
The hobgoblin hits you but does no damage.
A hobgoblin comes into view.
The hobgoblin shouts!
You hear a shout!
The leopard gecko bites you but does no damage.
The hobgoblin hits you.
* * * LOW HITPOINT WARNING * * *
You scratch the hobgoblin but do no damage.
The hobgoblin barely misses you. The leopard gecko bites you.
* * * LOW HITPOINT WARNING * * *
You closely miss the hobgoblin.
A rat comes into view.
The hobgoblin barely misses you. The hobgoblin closely misses you.
The leopard gecko bites you.
You die... ### ..# #.r ..# #.# #g# ##@## #glg#

#...# #...# #####
####...#####...##
.............<...#
..).....[........#
#................#
####.....####....##
#


You could see a leopard gecko, 3 hobgoblins and a rat.

Vanquished Creatures
  Jessica (D:2)
  A dart slug (D:2)
  2 bats (D:1)
  2 giant cockroaches (D:1)
  3 hobgoblins (D:1)
  2 jackals (D:1)
  A kobold (D:1)
  A ball python (D:1)
  A rat (D:1)
14 creatures vanquished.

Notes
Turn   | Place    | Note
-------+----------+-------------------------------------------
     0 | D:1      | Borgoz the Ghoul Gladiator began the quest for the Orb.
     0 | D:1      | Reached XP level 1. HP: 17/17 MP: 0/0
   310 | D:1      | Reached XP level 2. HP: 24/24 MP: 1/1
   596 | D:1      | Reached skill level 1 in Armour
   876 | D:2      | Noticed Jessica
   891 | D:2      | Killed Jessica
   891 | D:2      | Reached XP level 3. HP: 24/30 MP: 2/2
   930 | D:2      | Slain by a leopard gecko

Vault maps used:
D:1:      onia_arrival_pyramid, minmay_pentomino_p2
D:2:      minmay_wonky_spiral, lemuel_crystal_altar, first_ration,
          bh_walls_and_bars, uniq_jessica

Skill      XL: |  1  2 |
---------------+-------+-----
Armour         | 1 |  1.4
Dodging        | 3 |  3.2
Fighting       | |  2.6
Throwing       | |  1.7
Unarmed Combat | |  3.5

Action                   || total
-------------------------++-------
Melee: Unarmed           ||    55
  Eat: Chunk             ||     4
Armor: Leather armour    ||    14
Dodge: Dodged            ||    25

Table legend:
 A = Spawn XP
 B = Non-spawn XP
 C = Spawn XP percentage of total XP
 D = Spawn monster count
 E = Non-spawn monster count
 F = Spawn count percentage of total count
 G = Total turns spent on level
                    A         B        C        D         E        F      G
               +---------+---------+-------+---------+---------+-------+---------
         Total |       0 |      63 |   0.0 |       0 |      14 |   0.0 |   930
               +---------+---------+-------+---------+---------+-------+---------
           D:1 |       0 |      22 |   0.0 |       0 |      12 |   0.0 |   874
           D:2 |       0 |      41 |   0.0 |       0 |       2 |   0.0 |    56
               +---------+---------+-------+---------+---------+-------+---------
